Cogmind - Beta 14 @@@ ROGUE MODE // 2024.11.14 @ 18:49:57 Player: Takao Tuesday Result: Self-destructed Performance ------------- Evolutions (1) 500 Regions Visited (3) 600 Robots Destroyed (20) 100 Value Destroyed (296) 296 Prototype IDs (0) 0 Alien Tech Used (0) 0 Bonus (0) 0 TOTAL SCORE: 1496 Bonus ------- None Cogmind --------- Core Integrity 400/400 Matter 256/300 Energy 125/125 System Corruption 0% Temperature Cool (0) Movement Flying (37) Location -9/Materials Parts ------- > --- POWER (2) -------- Light Ion Engine > --- PROPULSION (3) --- Flight Unit Flight Unit > --- UTILITY (2) ------ Targeting Computer ECM Suite > --- WEAPON (2) ------- Light Assault Rifle Light Assault Rifle > --- INVENTORY (5) ---- Compact Wheel Flight Unit Flight Unit High-capacity Storage Unit Light Assault Rifle Peak State ------------ > --- POWER ------------ Light Nuclear Core > --- PROPULSION ------- Flight Unit Flight Unit > --- UTILITY ---------- Targeting Computer ECM Suite > --- WEAPON ----------- Grenade Launcher Datajack > --- INVENTORY -------- Compact Wheel Assault Rifle [Rating: 9] Favorites ----------- Power Light Nuclear Core Engine Light Ion Engine Power Core Light Nuclear Core Propulsion Flight Unit Wheel Compact Wheel Flight Unit Flight Unit Utility Targeting Computer Device ECM Suite Processor Targeting Computer Weapon Light Assault Rifle Energy Gun Medium Laser Ballistic Gun Light Assault Rifle Launcher Grenade Launcher Special Melee Weapon Datajack Build | -11 -10 -10 -9 ------- Run | Yrd Mat Min Mat Slots Evolved 2 | . . . 2 Power 1 | . . . 1 Propulsion 1 | . . . 1 Utility . | . . . . Weapon . | . . . . Parts Attached 21 | 5 11 5 . Power 3 | 1 1 1 . Engine 2 | 1 . 1 . Core 1 | . 1 . . Reactor . | . . . . Propulsion 7 | 2 3 2 . Treads . | . . . . Leg . | . . . . Wheel 2 | 2 . . . Hover . | . . . . Flight 5 | . 3 2 . Utility 2 | . 2 . . Device 1 | . 1 . . Storage . | . . . . Processor 1 | . 1 . . Hackware . | . . . . Protection . | . . . . Artifact . | . . . . Weapon 9 | 2 5 2 . Energy Gun 1 | 1 . . . Energy Cannon . | . . . . Ballistic Gun 6 | 1 3 2 . Ballistic Cannon . | . . . . Launcher 1 | . 1 . . Special Weapon . | . . . . Impact Weapon . | . . . . Slashing Weapon . | . . . . Piercing Weapon . | . . . . Special Melee Weapon 1 | . 1 . . Unidentified Prototypes . | . . . . Parts Lost 4 | . 3 1 . Power 1 | . . 1 . Propulsion . | . . . . Utility . | . . . . Weapon 3 | . 3 . . Highest Loss Streak 2 | . 2 1 . To Critical Strikes . | . . . . Average Slot Usage (%) 91 | . 87 98 77 Engine 4 | . 7 . 11 Core 9 | . 6 13 . Wheel 4 | . 7 . . Flight 23 | . 20 28 22 Device 11 | . 9 14 11 Processor 13 | . 12 14 11 Energy Gun 3 | . 6 . . Ballistic Gun 16 | . 8 27 22 Launcher 2 | . 5 . . Peak Build Rating 9 | 5 9 9 7 Average Rating 7 | 3 7 8 7 On Entrance 5 | . 5 8 7 Naked Turns . | . . . . Heaviest Build 11 | 7 11 9 7 Greatest Support 32 | 32 32 8 8 Greatest Overweight (x) 1 | . 1 1 . Average Overweight (x) . | . . . . Largest Inventory Capacity 5 | 5 5 5 5 Average Capacity 5 | 5 5 5 5 Most Carried 5 | . 3 5 5 Average Carried 1 | . 1 2 5 Final Capacity 5 | 5 5 5 5 Final Carried 5 | . 1 5 5 Class Distribution -------------------- 50% | Mutant 49% | Scavenger-Mutant Dominant Class ---------------- Mutant | -10/Materials Scavenger-Mutant | -10/Mines Scavenger-Mutant | -9/Materials Resources | -11 -10 -10 -9 ----------- Run | Yrd Mat Min Mat Matter Collected 527 | 184 192 151 . Remotely . | . . . . Salvage Created 460 | . 389 71 . Parts 42 | . 27 15 . Haulers Intercepted 2 | . 2 . . Recyclers Shooed 2 | . 2 . . Parts Field Recycled . | . . . . Retrieved Matter . | . . . . Parts Self-Destructed . | . . . . Prevented . | . . . . Kills | -11 -10 -10 -9 ------- Run | Yrd Mat Min Mat Combat Hostiles Destroyed 15 | . 10 5 . Guns 10 | . 5 5 . AOE 5 | . 5 . . Classes Destroyed 6 | . 6 . . Worker 1 | . 1 . . Hauler 2 | . 2 . . Recycler 1 | . 1 . . Watcher 1 | . 1 . . Swarmer 11 | . 6 5 . Grunt 4 | . 4 . . Best Kill Streak 5 | . 5 3 . Combat Bots Only 3 | . 3 3 . Max Kills in Single Turn 3 | . 3 1 . Gunslinging 1 | . 1 . . Exploded 2 | . 2 . . Melee . | . . . . Uniques/NPCs Destroyed . | . . . . Combat | -11 -10 -10 -9 -------- Run | Yrd Mat Min Mat Hostile Shots Fired 78 | . 47 31 . Missed 27 | . 12 15 . Damage Taken 519 | . 404 115 . Core 181 | . 129 52 . Absorbed by Shields . | . . . . Core Remaining (%) 63 | 100 . 27 . Volleys Fired 56 | . 35 18 3 Largest 2 | . 2 2 2 Hottest 70 | . 70 40 40 Shots Fired 78 | . 48 24 6 Gun 69 | . 39 24 6 Cannon . | . . . . Launcher 9 | . 9 . . Special . | . . . . Kinetic 56 | . 26 24 6 Thermal 13 | . 13 . . Explosive 9 | . 9 . . Electromagnetic . | . . . . Robot Hit Streak 5 | . 4 5 1 Robot Miss Streak 4 | . 4 4 3 Penetration Max . | . . . . Secondary Targets 3 | . 1 2 . Max Gunslinging Chain 1 | . 1 1 . Shots Hit Robots 33 | . 18 14 1 Core Hits 26 | . 20 6 . Critical Kills . | . . . . Critical Parts Destroyed . | . . . . Critical Strikes 2 | . 2 . . Burn 2 | . 2 . . Melee Attacks . | . . . . Impact . | . . . . Slashing . | . . . . Piercing . | . . . . Sneak Attacks . | . . . . Combat Hostiles . | . . . . Follow-up Attacks . | . . . . Damage Inflicted 808 | . 682 111 15 Guns 365 | . 239 111 15 Cannons . | . . . . Explosions 441 | . 441 . . Melee . | . . . . Ramming 2 | . 2 . . Kinetic 278 | . 152 111 15 Thermal 87 | . 87 . . Explosive 441 | . 441 . . Electromagnetic . | . . . . Impact . | . . . . Slashing . | . . . . Piercing . | . . . . Highest Corruption . | . . . . Average Corruption . | . . . . Corruption Purged . | . . . . Corruption Blocked . | . . . . Overload Shots . | . . . . Overflow Damage 4 | . 4 . . Projectiles . | . . . . Explosions 4 | . 4 . . Melee . | . . . . Knockbacks . | . . . . Impact . | . . . . Kinetic . | . . . . Secondary . | . . . . Self-Inflicted Damage 66 | . 66 . . Shots 2 | . 2 . . Rammed 1 | . 1 . . Targets Rammed 1 | . 1 . . Kicked . | . . . . Crushed . | . . . . Highest Temperature 135 | . 135 16 . Average Temperature 36 | . 46 6 . Received Heat Transfer 96 | . 96 . . Siege Activations . | . . . . Robots Corrupted . | . . . . Combat Hostiles . | . . . . Parts Fried . | . . . . Impact Corruptions . | . . . . Robots Melted . | . . . . Combat Hostiles . | . . . . Parts Melted . | . . . . Heat Transferred 407 | . 407 . . Parts Sabotaged . | . . . . Parts Stolen . | . . . . Parts Stripped . | . . . . Power Chain Reactions . | . . . . Alert | -11 -10 -10 -9 ------- Run | Yrd Mat Min Mat Peak Influence 340 | . 340 232 90 Initial 132 | . . 132 90 Average 136 | . 126 172 90 Maximum Alert Level 1 | . 1 1 . Low Security (%) 86 | 100 78 93 100 Level 1 13 | . 21 6 . Level 2 . | . . . . Level 3 . | . . . . Level 4 . | . . . . Level 5 . | . . . . High Security . | . . . . Max Security . | . . . . Squads Dispatched 1 | . 1 . . Investigation . | . . . . Extermination . | . . . . Reinforcement 1 | . 1 . . Assault . | . . . . Garrison . | . . . . Intercept . | . . . . Searches Triggered . | . . . . Construction Impeded . | . . . . Haulers Reinforced . | . . . . Active Scanning Responses . | . . . . Cargo Convoy Interrupts . | . . . . Stealth | -11 -10 -10 -9 --------- Run | Yrd Mat Min Mat Distress Signals . | . . . . Communications Jammed . | . . . . Distress Signals . | . . . . Times Spotted 23 | . 14 6 3 Peak Tracking Total 5 | . 5 3 3 Tactical Retreats . | . . . . Traps | -11 -10 -10 -9 ------- Run | Yrd Mat Min Mat Traps Triggered . | . . . . Indirectly . | . . . . Trap Hack Attempts . | . . . . Triggered . | . . . . Disarmed . | . . . . Reprogrammed . | . . . . Reused . | . . . . Traps Extracted . | . . . . Installed . | . . . . Triggered . | . . . . Machines | -11 -10 -10 -9 ---------- Run | Yrd Mat Min Mat Machines Disabled 1 | . 1 . . Max in Single Turn 1 | . 1 . . Machines Repaired . | . . . . Machines Dismantled . | . . . . Machines Sabotaged . | . . . . Overloaded Fab Kills . | . . . . Hacking | -11 -10 -10 -9 --------- Run | Yrd Mat Min Mat Machines Accessed . | . . . . Terminals . | . . . . Fabricators . | . . . . Repair Stations . | . . . . Recycling Units . | . . . . Scanalyzers . | . . . . Garrison Access . | . . . . Total Hacks . | . . . . Successful . | . . . . Failed . | . . . . Catastrophic . | . . . . Database Lockouts . | . . . . Manual . | . . . . Terminals . | . . . . Fabricators . | . . . . Repair Stations . | . . . . Recycling Units . | . . . . Scanalyzers . | . . . . Garrison Access . | . . . . Terminal Hacks . | . . . . Fabricator Hacks . | . . . . Repair Station Hacks . | . . . . Recycling Unit Hacks . | . . . . Scanalyzer . | . . . . Garrison Access Hacks . | . . . . Unauthorized Hacks . | . . . . Terminals . | . . . . Fabricators . | . . . . Repair Stations . | . . . . Recycling Units . | . . . . Scanalyzers . | . . . . Garrison Access . | . . . . Data Cores Recovered . | . . . . Used . | . . . . Hacking Detections . | . . . . Full Trace Events . | . . . . Feedback Events . | . . . . Feedback Blocked . | . . . . Robot Schematics Acquired . | . . . . Robots Built . | . . . . Authchips . | . . . . Time . | . . . . Total Robot Build Rating . | . . . . Part Schematics Acquired . | . . . . Parts Built . | . . . . Authchips . | . . . . Time . | . . . . Total Part Build Rating . | . . . . Parts Repaired . | . . . . Time . | . . . . Parts Recycled . | . . . . Recycled Matter . | . . . . Retrieved Matter . | . . . . Retrieved Components . | . . . . Parts Scanalyzed . | . . . . Part Schematics Acquired . | . . . . Parts Damaged . | . . . . Bothacking | -11 -10 -10 -9 ------------ Run | Yrd Mat Min Mat Used RIF Installer . | . . . . Robots Hacked . | . . . . Non-combat . | . . . . Combat . | . . . . Robot Hacks Applied . | . . . . Relay Couplers Released . | . . . . Fabnet Peak Effective % . | . . . . Robots Rewired . | . . . . Allies Hacked . | . . . . Hacks Repelled . | . . . . Allies | -11 -10 -10 -9 -------- Run | Yrd Mat Min Mat Total Allies . | . . . . Largest Group . | . . . . Highest-Rated Group . | . . . . Highest-Rated Ally . | . . . . Total Orders . | . . . . Ally Attacks . | . . . . Total Damage . | . . . . Kills . | . . . . Allies Corrupted . | . . . . Allies Melted . | . . . . Intel | -11 -10 -10 -9 ------- Run | Yrd Mat Min Mat Robot Analysis Total . | . . . . Derelict Logs Recovered 1 | . . 1 . Drone Launches . | . . . . Drone Recoveries . | . . . . Exploration | -11 -10 -10 -9 ------------- Run | Yrd Mat Min Mat Turns Passed 735 | 41 382 290 22 Spaces Moved 553 | 38 261 218 36 Core 8 | 8 . . . Treads . | . . . . Legs . | . . . . Wheels 104 | 30 74 . . Hover . | . . . . Flight 441 | . 187 218 36 Fastest Speed 37 | 50 37 37 37 Average Speed 96 | 89 92 111 37 Slowest Speed 117 | 100 117 117 37 Overloaded Moves . | . . . . Propulsion Burnouts . | . . . . Robots Hopped 2 | . 2 . . Cave-ins Triggered . | . . . . Exploration Rate (%) 26 | 3 49 48 7 Regions Visited 3 Branch Regions 1 Pre-discovered Areas 2 | . . 2 . Known Exits Taken . | . . . . Unknown Exits Taken 3 | 1 1 1 . Scrap Searched 1 | . . 1 . Spaces Dug . | . . . . Terrain Destroyed 51 | . 51 . . Melee . | . . . . Projectile . | . . . . AOE 51 | . 51 . . Terrain Rammed . | . . . . Walls Destroyed . | . . . . Machines Disabled . | . . . . Actions | -11 -10 -10 -9 --------- Run | Yrd Mat Min Mat Total 675 | 42 351 243 39 Wait 36 | . 36 . . Move 546 | 37 256 217 36 Hop 2 | . 2 . . Pick Up 6 | . 4 2 . Fast Attach 10 | 5 3 2 . Attach 3 | . 3 . . Detach 1 | . 1 . . Swap 8 | . 5 3 . Drop 6 | . 5 1 . Fire 56 | . 35 18 3 Melee . | . . . . Ram 1 | . 1 . . Kick . | . . . . Crush . | . . . . Escape Stasis . | . . . . Rewire . | . . . . Trap . | . . . . Miscellaneous . | . . . . Route ------- -11/Scrapyard -10/Materials (discovered 2 exits: [*Mat] / [*Min]) -10/Mines -9/Materials History --------- Turn | Location | Event 2 | -11/Scrapyard | Met Revision 17 3 | -11/Scrapyard | Discovered new exit (range 16) 42 | -11/Scrapyard | Entered Materials 303 | -10/Materials | Discovered new exit (range 14) 304 | -10/Materials | Build established: Mutant 385 | -10/Materials | Core integrity fell below 50% 419 | -10/Materials | Discovered new exit (range 8) 424 | -10/Materials | Entered Mines 432 | -10/Mines | Met a Derelict bent on vengeance 471 | -10/Mines | Learned location of Storage (-8) 684 | -10/Mines | Build established: Scavenger-Mutant 690 | -10/Mines | Discovered new exit (range 9) 714 | -10/Mines | Entered Materials 714 | -9/Materials | Evolved 2 slots: Power x1, Propulsion x1 736 | -9/Materials | Self-destructed Last Messages --------------- Searching scrap... Found Hcp. Storage Unit. Found 68 Matter. Acquired 68 matter. Acquired Hcp. Storage Unit. K-01 Serf collects debris. EXIT=FOUND S-10 Pest destroyed. Switching to secondary target: S-10 Pest. S-10 Pest destroyed. Switching to secondary target: S-10 Pest. Lgt. Nuclear Core destroyed. S-10 Pest destroyed. Acquired 17 matter. Acquired Lgt. Ion Engine. Acquired 14 matter. PARAMETERS=POWER+1,PROPULSION+1 LOCATION=UNKNOWN GOAL=ESCAPE K-01 Serf collects debris. Map ----- +----------------------------------------------------+ | | | | | | | | | | | | | | | ?????????????????????????????????????????????????? | | ?????????????????????????????????????????????????? | | ?????????????????????????????????????????????????? | | ?????????????????????????????????????????????????? | | ?????????????????????????????????????????????????? | | ?????????????????????????????????????????????????? | | ?????????????????????????????????????????????????? | | ?????????????????????##??????????????????????????? | | ????????????????????+ ??????????????????????????? | | #####???????????????# ??????????????????????????? | | # #???????????????# #?????????##???????????????? | | # #???????????????# #???????? #???????????????? | | # #???????????????# #??????? ????????????????? | | # #???????????????# #?????? ?????????????????? | | #???????????????# #????? ??????????????????? | | ################# ######+###########?????????? | | u k ????????? | | ##+################## b g ????????? | | !!!#????????????# @ g ????????? | | "" !!!#????????????###+####+#########???????????? | | "" !! #????????????? #???????????????????????? | | "" #??????????? """ #???????????????????????? | | #??????????# "Y" #???????????????????????? | | " #??????????# #???????????????????????? | | R" #??????????#! #???????????????????????? | | "" #??????????# #???????????????????????? | | ########??????????########???????????????????????? | | ?????????????????????????????????????????????????? | | ?????????????????????????????????????????????????? | | ?????????????????????????????????????????????????? | | ?????????????????????????????????????????????????? | | ?????????????????????????????????????????????????? | | ?????????????????????????????????????????????????? | | ?????????????????????????????????????????????????? | | ?????????????????????????????????????????????????? | | ?????????????????????????????????????????????????? | | ?????????????????????????????????????????????????? | | ?????????????????????????????????????????????????? | | ?????????????????????????????????????????????????? | | ?????????????????????????????????????????????????? | | ?????????????????????????????????????????????????? | | ?????????????????????????????????????????????????? | | ?????????????????????????????????????????????????? | +----------------------------------------------------+ Best States ------------- Heat Dissipation 28 Energy Generation 14 Energy Capacity 160 Matter Stores 262 Matter Capacity 300 Sight Range 16 Terrain Scan Density 10 ECM Strength 1 Evasion (%) 62 Targeting Accuracy 5 Item Schematics ----------------- None Robot Schematics ------------------ None Fabricated ------------ Nothing Alien Tech Used ----------------- None Achievements -------------- None Challenges ------------ None Game ------ Seed TractorCarbideMapper Manual? 0 Play Time 00:09:32 Cumulative 8.5 hours Start 2024.11.14 @ 18:41:04 End 2024.11.14 @ 18:49:57 Sessions 1 Manual Loads 0 Difficulty Rogue Special Mode None Game No. 14 Rogue 3 Adventurer 0 Explorer 11 Win Type - Total 0 Types 0/0/0/0/0/0/0/0/0 Lore% 3 Gallery% 14 Achievement% 13 Wizard Run 0 Options --------- Layout 1 ASCII 0 Keyboard 0 Movement Mouse Keybinds 0 Fullscreen 1 Font 24/Smallcaps Map View 50x35 Zoom Use 0% Tactical HUD 0 Map Filters NONE Filters NONE Steam 1 RUN: 993ddced-60dc-48c8-8e52-ec159157dfdd